 Dungeon Crawl Stone Soup version 0.23-a0-550-g7de1f8e (webtiles) character file.

940 Geeful the Sneak (level 8, -6/46 HPs)
             Began as an Octopode Earth Elementalist on Dec 9, 2018.
             Mangled by a slave (8 damage)
             ... led by Pikel
             ... on level 6 of the Dungeon.
             The game lasted 00:17:51 (5480 turns).

Geeful the Sneak (Octopode Earth Elementalist)      Turns: 5480, Time: 00:17:52

Health: -6/46      AC:  1    Str:  8    XL:     8   Next: 12%
Magic:  5/15       EV: 15    Int: 19    God:
Gold:   331        SH:  0    Dex: 12    Spells: 10/16 levels left

rFire    . . .     SeeInvis .   n - +3 flail (protect)
rCold    . . .     Gourm    .   (no shield)
rNeg     . . .     Faith    .   (helmet restricted)
rPois    .         Spirit   .   (no amulet)
rElec    .         Reflect  .   (no ring)
rCorr    .         Harm     .   (no ring)
MR       .....                  (no ring)
Stlth    ++++......             (no ring)
HPRegen  0.15/turn              (no ring)
MPRegen  0.14/turn              (no ring)
                                (no ring)
                                (no ring)

@: no status effects
A: almost no armour, stealthy swim, amphibious, 8 rings, constrict 8, camouflage
1, gelatinous body 1
a: no special abilities


You were on level 6 of the Dungeon.
You were not hungry.

You visited 1 branch of the dungeon, and saw 6 of its levels.

You collected 331 gold pieces.

Inventory:

Hand Weapons
 g - a +0 short sword
 n - a +3 flail of protection (weapon)
Missiles
 b - 99 stones (quivered)
 l - 25 poisoned needles
Wands
 t - a wand of enslavement (13)
Scrolls
 f - 2 scrolls of remove curse
 j - a scroll of magic mapping
 m - a scroll of immolation
 o - a scroll of fog
 s - a scroll of enchant armour {unknown}
Potions
 d - a potion of magic
 e - 3 potions of curing
 h - a potion of resistance
 i - 3 potions of heal wounds
 k - 2 potions of flight
 p - a potion of berserk rage {unknown}
 q - a potion of lignification
 r - a potion of agility {unknown}
Comestibles
 a - 6 chunks of flesh
 c - 7 rations


   Skills:
 + Level 5.0 Dodging
 - Level 5.7 Stealth
 + Level 4.7 Spellcasting
 - Level 1.0 Transmutations
 + Level 5.6 Earth Magic


You had 10 spell levels left.
You knew the following spells:

 Your Spells              Type           Power        Failure   Level  Hunger
a - Sandblast             Erth           ####..       1%          1    None
b - Passwall              Tmut/Erth      ###.....     4%          2    #......
c - Stone Arrow           Conj/Erth      ###...       12%         3    ##.....

Your spell library contained the following spells:

 Spells                   Type           Power        Failure   Level  Hunger
 Corona                   Hex            #......      13%         1    None
 Infusion                 Chrm           #...         13%         1    None
 Ensorcelled Hibernation  Hex/Ice        #.....       19%         2    #......
 Shroud of Golubria       Chrm/Tloc      #.........   19%         2    #......
 Song of Slaying          Chrm           #.......     19%         2    #......
 Petrify                  Tmut/Erth      ###.....     32%         4    ####...
 Lee's Rapid Deconstruct  Erth           ####......   34%         5    ######.
 Confuse                  Hex            #.......     36%         3    ##.....
 Dazzling Spray           Conj/Hex       #.....       36%         3    ##.....
 Regeneration             Chrm/Necr      #.........   36%         3    ##.....
 Spectral Weapon          Hex/Chrm       #.......     36%         3    ##.....
 Tukima's Dance           Hex            #.......     36%         3    ##.....


Dungeon Overview and Level Annotations

Branches:
Dungeon (6/15)
 Temple: D:4-7

Altars:
Trog
Wu Jian

Shops:
D:4 (

Annotations:
D:4 1 runed door, GroovyGamera's ghost, amateur GrFi
D:6 Eustachio; Pikel


Innate Abilities, Weirdness & Mutations

You cannot wear most types of armour.
You are very stealthy in the water. (Stealth+)
You are amphibious.
You can wear up to eight rings at the same time.
You can use your tentacles to constrict eight enemies at once.
Your skin changes colour to match your surroundings (Stealth+).
Your rubbery body absorbs attacks. (AC +1, EV +1)


Message History

Aim: Pikel, wielding a +1 whip of flaming and wearing a +0 robe (heavily The stone arrow hits Pikel.
Pikel is severely wounded.
You constrict Pikel.
Pikel hits you with a +1 whip of flaming!
* * * LOW HITPOINT WARNING * * *
Pikel burns you.
* * * LOW HITPOINT WARNING * * *
The slave misses you. The slave barely misses you.
The jackal closely misses you. Pikel closely misses you. The slave misses you.
The slave barely misses you.
Casting: Stone Arrow (safe; 12% risk of failure)
Confirm with . or Enter, or press ? or * to list all spells.
Aiming: Stone Arrow (safe; 12% risk of failure)
Press: ? - help, Shift-Dir - straight line, f/p - Pikel
Aim: Pikel, wielding a +1 whip of flaming and wearing a +0 robe (severely The stone arrow hits Pikel.
Pikel is almost dead.
You constrict Pikel. The slave hits you!
You die...

##########
.$.......##
.........p#
#....p@K#
#.##.pph#
#.....#
#.#...#
#.h...#
#.....#
#..#..#
......#


You could see Pikel, 4 slaves and 2 jackals.

Vanquished Creatures
  Menkaure (D:5)
  3 ogres
  A scorpion (D:4)
  A crimson imp (D:5)
  A bullfrog skeleton (D:4)
  2 jellies (D:5)
  2 orc wizards
  Terence (D:2)
  2 iguanas (D:5)
  2 worker ants
  A hound zombie (D:2)
  A hound skeleton (D:6)
  A worker ant zombie (D:5)
  5 adders
  2 shadow imps (D:6)
  An ooze (D:2)
  A worm (D:2)
  2 dart slugs (D:1)
  7 leopard geckos
  18 orcs
  A giant cockroach (D:1)
  7 goblins
  14 hobgoblins
  7 jackals
  7 kobolds
  A quokka (D:4)
  2 ball pythons (D:3)
  8 bats
  7 frilled lizards
  A leopard gecko skeleton (D:5)
  10 rats
120 creatures vanquished.

Notes
Turn   | Place    | Note
-------+----------+-------------------------------------------
     0 | D:1      | Geeful the Octopode Earth Elementalist began the quest for
                  | the Orb.
     0 | D:1      | Reached XP level 1. HP: 11/11 MP: 3/3
   178 | D:1      | Reached XP level 2. HP: 12/17 MP: 1/5
   798 | D:1      | Reached XP level 3. HP: 17/21 MP: 6/6
   802 | D:1      | Learned a level 2 spell: Passwall
   806 | D:1      | Learned a level 3 spell: Stone Arrow
  1084 | D:1      | HP: 1/21 [giant cockroach (2)]
  1542 | D:2      | Reached XP level 4. HP: 27/27 MP: 4/7
  1551 | D:2      | Noticed Terence
  1569 | D:2      | Killed Terence
  1947 | D:2      | Reached XP level 5. HP: 26/31 MP: 7/9
  3244 | D:4      | Found an ornate altar of the Wu Jian Council.
  3259 | D:4      | Noticed an ogre
  3270 | D:4      | Killed an ogre
  3270 | D:4      | Reached skill level 5 in Stealth
  3270 | D:4      | Reached XP level 6. HP: 36/36 MP: 1/11
  3902 | D:4      | Found Quutu's Antique Weapon Shoppe.
  3902 | D:4      | Found a runed door.
  3902 | D:4      | Noticed GroovyGamera's ghost (amateur GrFi)
  3970 | D:4      | Reached XP level 7. HP: 41/41 MP: 6/12
  4156 | D:5      | Entered Level 5 of the Dungeon
  4320 | D:5      | Reached skill level 5 in Earth Magic
  4355 | D:5      | Noticed Menkaure
  4363 | D:5      | Killed Menkaure
  4869 | D:5      | Reached XP level 8. HP: 46/46 MP: 14/14
  5114 | D:5      | Found a bloodstained altar of Trog.
  5173 | D:5      | Reached skill level 5 in Dodging
  5189 | D:5      | Found Moalleug's Weapon Boutique.
  5393 | D:6      | Noticed Eustachio
  5472 | D:6      | Noticed Pikel
  5479 | D:6      | HP: 2/46 [Pikel/+1 whip of flaming (4)]
  5480 | D:6      | Mangled by a slave

Vault maps used:
D:1:      nzn_arrival_depleted_hourglass
D:2:      uniq_terence
D:4:      lemuel_crystal_altar, serial_shops, nicolae_shop_stone,
          hellmonk_ghost_happy_afterlife, first_ration
D:5:      serial_shops, shop, trog_book, uniq_menkaure
D:6:      overflow_temple_1_default, nicolae_overflow_hidden_temple, uniq_pikel,
          uniq_eustachio

Skill      XL: |  1  2  3  4  5  6  7  8 |
---------------+-------------------------+-----
Stealth        | 3 4 5 |  5.7
Dodging        | 3 4 5 |  5.0
Spellcasting   | 3 4 |  4.7
Earth Magic    | 4 5 |  5.6
Transmutations | |  1.0

Action                   |  1- 3 |  4- 6 |  7- 9 || total
-------------------------+-------+-------+-------++-------
Melee: Unarmed           |     5 |       |       ||     5
       Short sword       |    53 |    84 |       ||   137
       Constrict         |    15 |    19 |    23 ||    57
       Tentacles         |     7 |    11 |    19 ||    37
       Flail             |       |    13 |    80 ||    93
 Cast: Sandblast         |    17 |    32 |     5 ||    54
       Stone Arrow       |       |     3 |     5 ||     8
  Use: Scroll            |     4 |     1 |     5 ||    10
       Potion            |       |     3 |       ||     3
 Stab: Sleeping          |     4 |    22 |     5 ||    31
  Eat: Chunk             |     1 |     9 |     5 ||    15
Armor: Skin              |     4 |    10 |    16 ||    30
Dodge: Dodged            |    49 |    65 |    89 ||   203

Table legend:
 A = Non-vault XP
 B = Vault XP
 C = Vault XP percentage of total XP
 D = Non-vault monster count
 E = Vault monster count
 F = Vault count percentage of total count
                 A         B        C        D         E       F
            +---------+---------+-------+---------+---------+-------
      Total |    1139 |     205 |  15.3 |     118 |       2 |   1.7
            +---------+---------+-------+---------+---------+-------
        D:1 |      53 |       0 |   0.0 |      28 |       0 |   0.0
        D:2 |      91 |      36 |  28.3 |      26 |       1 |   3.7
        D:3 |      78 |       0 |   0.0 |      21 |       0 |   0.0
        D:4 |     429 |       0 |   0.0 |      13 |       0 |   0.0
        D:5 |     424 |     169 |  28.5 |      24 |       1 |   4.0
        D:6 |      64 |       0 |   0.0 |       6 |       0 |   0.0
            +---------+---------+-------+---------+---------+-------
